AoeStats
← erick_s_v

Oasis

507849841Analyzed
4v4 RM · 14d ago on Sep 19, 2026· 60m 28s· 8 players
Game mode
Random Map
Map size
Large (8 player)
Population
200
Speed
Normal
Resources
Standard
Victory
Conquest
Starting age
Dark Age
Ending age
Imperial Age
RankedLock teamsTeams togetherTeam positionsShared explorationLock speedFull tech treeHidden civsTurbo modeCheats
Victory
Defeat
🇵🇹 Romans · Portugal
1217
+10
🇵🇹 Franks · Portugal
1206
+11
🇩🇪 Maya · Germany
1120
+14
🇵🇹 Spanish · Portugal
839
+26
🇲🇽 Mongols · Mexico
1213
-21
🇲🇽 Ethiopians · Mexico
1204
-20
🇲🇽 Bohemians · Mexico
1023
-13
🇲🇽 Byzantines · Mexico
863
-7
Tiiiian
6:46 Loom
9:17 Feudal Age
9:56 Double-Bit Axe
14:02 Fletching
19:26 Castle Age
20:06 Bodkin Arrow
19:32 Crossbowman
22:10 Bow Saw
21:42 Horse Collar
21:53 Gold Mining
31:40 Thumb Ring
34:40 Wheelbarrow
37:15 Imperial Age
37:12 Gold Shaft Mining
36:44 Heavy Plow
37:07 Scale Mail Armor
37:17 Forging
38:12 Ballistics
37:57 Bracer
38:58 Chemistry
37:29 Arbalester
41:23 Two-Man Saw
42:27 Chain Mail Armor
42:22 Forging
42:30 Siege Engineers
42:55 Conscription
45:22 Torsion Engines
Tenamaxtli
6:57 Loom
9:35 Feudal Age
11:24 Double-Bit Axe
12:18 Wheelbarrow
15:49 Horse Collar
21:15 Castle Age
26:58 Fletching
27:41 Padded Archer Armor
27:53 Bodkin Arrow
29:06 Leather Archer Armor
30:28 Bow Saw
32:14 Ballistics
34:53 Bloodlines
34:43 Husbandry
44:51 Imperial Age
47:42 Chemistry
46:47 Light Cavalry
48:06 Hussar
49:22 Hand Cart
erick_s_v
8:31 Loom
12:07 Feudal Age
13:11 Double-Bit Axe
13:23 Gold Mining
19:07 Horse Collar
21:01 Forging
23:43 Scale Barding Armor
26:27 Castle Age
29:40 Heavy Plow
29:54 Bow Saw
33:58 Iron Casting
35:57 Chain Barding Armor
36:40 Stone Mining
37:15 Husbandry
45:18 Imperial Age
45:10 Caravan
46:10 Heavy Camel Rider
47:53 Plate Barding Armor
49:04 Crop Rotation
49:39 Two-Man Saw
49:57 Conscription
51:31 Wheelbarrow
55:42 Gold Shaft Mining
56:23 Hand Cart
Carlos
14:08 Feudal Age
14:50 Horse Collar
14:58 Double-Bit Axe
17:00 Wheelbarrow
27:02 Loom
29:28 Castle Age
29:01 Scale Barding Armor
29:07 Forging
31:21 Husbandry
30:42 Light Cavalry
31:50 Elite Skirmisher
35:36 Hand Cart
38:18 Caravan
40:23 Bow Saw
43:34 Heavy Plow
43:30 Fletching
47:19 Bodkin Arrow
47:26 Padded Archer Armor
50:59 Chain Barding Armor
51:16 Iron Casting
56:09 Leather Archer Armor
57:53 Treadmill Crane
xXTOUROXx
0:37 Loom
12:59 Feudal Age
15:50 Fletching
16:38 Double-Bit Axe
22:52 Castle Age
21:55 Gold Mining
23:18 Crossbowman
29:46 Bodkin Arrow
30:25 Ballistics
31:05 Padded Archer Armor
36:20 Town Watch
38:58 Bow Saw
42:12 Thumb Ring
47:56 Imperial Age
47:07 Elite Skirmisher
48:09 Leather Archer Armor
48:15 Arbalester
50:24 Bracer
53:45 Chemistry
53:20 Capped Ram
57:05 Wheelbarrow
56:25 Stone Mining
57:55 Scale Mail Armor
58:06 Forging
57:23 Eagle Warrior
59:25 Squires
60:43 Horse Collar
steves
10:25 Feudal Age
15:42 Castle Age
14:58 Double-Bit Axe
16:20 Scale Barding Armor
20:15 Forging
22:59 Bow Saw
25:46 Chain Barding Armor
29:26 Wheelbarrow
31:18 Iron Casting
30:44 Scale Mail Armor
33:18 Pikeman
35:27 Squires
35:14 Gambesons
41:35 Imperial Age
38:51 Loom
41:58 Cavalier
42:39 Husbandry
45:27 Gold Mining
51:25 Paladin
55:14 Gold Shaft Mining
55:05 Caravan
54:52 Halberdier
55:52 Chain Mail Armor
60:28 Blast Furnace
59:59 Plate Mail Armor
60:05 Plate Barding Armor
61:22 Hand Cart
phlyp
10:11 Feudal Age
8:30 Loom
16:51 Castle Age
36:06 Ballistics
38:19 Imperial Age
36:27 Wheelbarrow
36:36 Double-Bit Axe
36:43 Double-Bit Axe
38:34 Heavy Scorpion
40:48 Chemistry
41:06 Bow Saw
41:23 Capped Ram
46:01 Siege Ram
47:41 Siege Engineers
BarroZo
16:05 Feudal Age
16:41 Loom
20:16 Castle Age
19:06 Double-Bit Axe
19:06 Horse Collar
20:23 Gold Mining
24:59 Padded Archer Armor
26:16 Husbandry
27:13 Bloodlines
30:21 Leather Archer Armor
29:38 Light Cavalry
30:57 Bow Saw
32:16 Wheelbarrow
37:03 Imperial Age
35:29 Scale Barding Armor
35:46 Hand Cart
37:06 Elite Conquistador
38:11 Conscription
37:44 Town Watch
38:39 Ring Archer Armor
38:29 Chain Barding Armor
38:20 Forging
44:42 Plate Barding Armor
44:43 Iron Casting
43:33 Hussar
51:39 Blast Furnace
Connection lost

Rejoining the realm…

Still unreachable

The connection could not be restored.

Session expired

The server has moved on; the page needs a fresh start.